 Dungeon Crawl Stone Soup version 0.27.0-1-g7a08968 (webtiles) character file.

Game seed: 11760157224517165024

5125 NeededCrab the Basher (level 10, 0/124 HPs)
             Began as a Formicid Monk on Oct 17, 2021.
             Was an Initiate of Gozag.
             Slain by an orc wizard (1 damage)
             ... on level 11 of the Dungeon on Oct 18, 2021.
             The game lasted 00:45:43 (13650 turns).

NeededCrab the Basher (Formicid Monk)              Turns: 13650, Time: 00:45:43

Health: 0/124      AC: 25    Str: 18    XL:     10   Next: 88%
Magic:  0/10       EV:  2    Int: 11    God:    Gozag
Gold:   330        SH:  0    Dex: 13    Spells: 9/9 levels left

rFire    . . .     SeeInvis .   a - +5 flail
rCold    . . .     Faith    .   (no shield)
rNeg     + + +     Spirit   +   (armour currently unavailable)
rPois    +         Reflect  .   (helmet unavailable)
rElec    .         Harm     .   (cloak currently unavailable)
rCorr    .         Rampage  .   (gloves currently unavailable)
Will     +....                  (boots currently unavailable)
Stlth    ++........             f - amulet of guardian spirit
HPRegen  0.30/turn              (no ring)
MPRegen  0.12/turn              (no ring)

@: brilliant, tree-form (expiring), gold aura
A: stationary, stasis, torment immunity, boosted hp, permanent stasis, dig
shafts and tunnels, (antennae 3), four strong arms
a: Renounce Religion, Potion Petition, Call Merchant, Bribe Branch


You were on level 11 of the Dungeon.
You worshipped Gozag.
Gozag was aware of your devotion.
You were a tree.
You visited 2 branches of the dungeon, and saw 10 of its levels.

You collected 1567 gold pieces.
You spent 304 gold pieces at shops.
You paid 933 gold pieces to Gozag.

Inventory:

Hand Weapons
 a - a +5 flail (weapon)
 b - a +1 flail of holy wrath
 A - the +1 arbalest "Sugofa" {speed, *Corrode Str-5 Int+8 SInv}
   (You bought it in a shop on level 7 of the Dungeon)

   Attacks with this weapon are significantly faster.
   Str:       It affects your strength (-5).
   Int:       It affects your intelligence (+8).
   SInv:      It lets you see invisible.
   *Corrode:  It may corrode you when you take damage.
Missiles
 m - 5 curare-tipped darts
 v - 3 throwing nets
 C - 29 bolts
Armour
 e - a +0 chain mail (melded)
 q - a +0 pair of boots (melded)
 s - a +0 pair of gloves (melded)
 w - a +2 cloak (melded)
Jewellery
 f - an amulet of guardian spirit (around neck)
 h - a +6 ring of intelligence
Wands
 g - a wand of polymorph (5)
 t - a wand of flame (18)
 u - a wand of paralysis (8)
Scrolls
 c - a scroll of torment
 j - a scroll of vulnerability
 n - 2 scrolls of teleportation
 p - a scroll of immolation
Potions
 d - a potion of ambrosia
 i - a potion of berserk rage
 k - 3 potions of mutation


   Skills:
 + Level 9.1 Fighting
 * Level 11.2 Maces & Flails
 + Level 8.3 Armour
 - Level 2.6 Dodging
 - Level 2.4 Stealth


You had 9 spell levels left.
You didn't know any spells.
Your spell library contained the following spells:

 Spells                   Type           Power      Damage    Failure   Level
 Beastly Appendage        Tmut           0%         N/A       34%         1
 Pain                     Necr           0%         1d4       34%         1
 Ensorcelled Hibernation  Hex/Ice        0%         N/A       47%         2
 Wereblood                Tmut           0%         N/A       47%         2
 Spider Form              Tmut/Pois      0%         N/A       71%         3
 Agony                    Necr           0%         N/A       100%        5
 Excruciating Wounds      Necr           0%         N/A       100%        5
 Shadow Creatures         Summ           N/A        N/A       100%        6


Dungeon Overview and Level Annotations

Branches:
Dungeon (8/15)             Temple (1/1) D:5            Lair (0/6) D:11

Altars:
Ashenzari
Cheibriados
Dithmenos
Elyvilon
Gozag
Hepliaklqana
Kikubaaqudgha
Makhleb
Nemelex Xobeh
Okawaru
Qazlal
Ru
Sif Muna
Trog
Vehumet
Wu Jian
Xom
Zin
The Shining One

Shops:
D:6 (   D:7 (

Annotations:
D:3 1 runed translucent door, geeeeen's ghost, amateur BaIE
D:5 1 exclusion
D:8 Erica


Innate Abilities, Weirdness & Mutations

You are a tree.
Your roots penetrate the ground, keeping you stationary.
You cannot be teleported.
You are immune to unholy pain and torment.
Your maximum health is greatly increased.
Your equipment is partially melded.
You cannot be hasted, slowed, berserked, paralysed or teleported.
You can dig through walls and to a lower floor.
((You have a pair of large antennae on your head. (SInv)))
Your four strong arms can wield two-handed weapons with a shield.


Message History

A centaur comes into view.
The centaur warrior hits you.
* * * LOW HITPOINT WARNING * * *
The centaur warrior kicks you but does no damage.
The centaur is pulled toward you!
A manticore comes into view.
You closely miss the centaur warrior.
The centaur warrior is moderately wounded.
Something hits you but does no damage.
The centaur warrior hits you but does no damage.
The centaur warrior kicks you but does no damage.
You hear a shout!
You sock the centaur warrior!
The centaur warrior is heavily wounded.
The manticore flicks its tail.
The volley of spikes hits something!
The centaur wields a +0 shortbow.
The centaur shoots an arrow.
Reactivating autopickup.
You feel a bit more experienced.
You hear a shout!
The centaur is pulled toward you! x2; You feel less attractive to monsters.
You hit the centaur warrior.
The centaur warrior is heavily wounded.
Something hits you.
* * * LOW HITPOINT WARNING * * *
Deactivating autopickup; reactivate with Ctrl-A.
The centaur unwields a +0 shortbow.
The centaur hits you.
* * * LOW HITPOINT WARNING * * *
The centaur kicks you but does no damage.
You hit the centaur warrior.
The centaur warrior is severely wounded.
The centaur warrior is distracted by your dazzling golden aura.
The centaur is distracted by your dazzling golden aura.
A two-headed ogre comes into view.
It is wielding a +0 giant club and a +0 giant spiked club.
The centaur hits you but does no damage.
The centaur barely misses you.
A troll comes into view.
Something hits you.
You die...
Your body crumbles into a pile of gold.

##.# $
##....
#......
##.......
##...P..(.
{
#o......o.
#hO.......
#{#..oP...
#♣##......


P..c{ccc# ##.... ;T##c#### ##.. # .# { You could see a centaur warrior
(unaware), a two-headed ogre, a troll (wandering), a warg, 4 centaurs, an
electric eel and an orc.

Vanquished Creatures
  Joseph (D:7)
  Maurice (D:8)
  Prince Ribbit (D:6)
  Grinder (D:4)
  A shadow (Temple)
  Grum (D:7)
  Menkaure (D:5)
  2 wargs (D:11)
  Duvessa (D:5)
  A sky beast (D:6)
  4 ogres
  An orc warrior (D:7)
  A black bear (D:5)
  A necrophage (D:7)
  2 wolves (D:8)
  3 centaurs
  2 kobold brigands
  A bullfrog (D:7)
  A scorpion (D:5)
  Dowan (D:5)
  A wyvern skeleton (D:7)
  2 water moccasin skeletons
  8 killer bees
  5 wights
  2 howler monkeys
  2 bullfrog zombies (D:6)
  2 jellies
  3 quasits (D:4)
  7 hounds
  5 orc priests
  A bullfrog skeleton (D:5)
  2 gnoll shamans
  A scorpion zombie (D:5)
  An iguana (D:6)
  2 orc wizards
  A killer bee zombie (D:8)
  A howler monkey zombie (D:5)
  6 adders
  A howler monkey skeleton (D:6)
  12 gnolls
  A shadow imp (D:7)
  2 white imps
  An ufetubus (D:6)
  2 adder skeletons (D:4)
  A worm (D:5)
  3 dart slugs
  24 orcs
  6 bats
  3 endoplasms
  4 giant cockroaches
  10 goblins
  13 hobgoblins
  6 jackals
  19 kobolds
  8 quokkas
  5 ball pythons
  3 frilled lizards (D:1)
  9 rats
213 creatures vanquished.

Vanquished Creatures (others)
  An orc wizard (D:11)
  A kobold (D:8)
  4 fungi (D:1)
  25 plants
31 creatures vanquished.

Grand Total: 244 creatures vanquished

Notes
Turn   | Place    | Note
-------+----------+-------------------------------------------
     0 | D:1      | NeededCrab the Formicid Monk began the quest for the Orb.
     0 | D:1      | Reached XP level 1. HP: 18/18 MP: 1/1
    41 | D:1      | Reached XP level 2. HP: 6/24 MP: 2/2
   623 | D:1      | Reached skill level 1 in Armour
   633 | D:1      | Reached XP level 3. HP: 11/29 MP: 3/3
  1165 | D:1      | You fall into a shaft and drop 1 floor!
  1230 | D:1      | Found a faded altar of an unknown god.
  1290 | D:1      | Became a worshipper of Gozag Ym Sagoz the Greedy
  1379 | D:2      | Found a shadowy altar of Dithmenos.
  1528 | D:2      | Reached XP level 4. HP: 37/37 MP: 4/4
  1827 | D:2      | Reached skill level 4 in Maces & Flails
  2608 | D:3      | Reached XP level 5. HP: 29/42 MP: 2/5
  3412 | D:3      | Found a runed translucent door.
  3412 | D:3      | Noticed geeeeen's ghost (amateur BaIE)
  3693 | D:3      | Found a snail-covered altar of Cheibriados.
  3695 | D:3      | Found a glowing silver altar of Zin.
  3751 | D:3      | Found a sparkling altar of Nemelex Xobeh.
  3843 | D:3      | Found an iron altar of Okawaru.
  4243 | D:4      | Reached XP level 6. HP: 37/49 MP: 4/6
  4320 | D:4      | Noticed an ogre
  4393 | D:4      | Killed an ogre
  4394 | D:4      | Reached skill level 5 in Maces & Flails
  4403 | D:4      | You fall into a shaft and drop 2 floors!
  4825 | D:6      | Found Ateg's Hydra Hut.
  5023 | D:6      | Noticed an ogre
  5059 | D:6      | Reached XP level 7. HP: 34/55 MP: 5/7
  5293 | D:6      | Reached skill level 5 in Fighting
  5319 | D:5      | Entered Level 5 of the Dungeon
  5457 | D:4      | Reached skill level 6 in Maces & Flails
  6001 | D:4      | You fall into a shaft and drop 1 floor!
  6143 | D:4      | Found an opulent altar of Gozag.
  6160 | D:4      | Noticed Grinder
  6190 | D:4      | Found a stormy altar of Qazlal.
  6199 | D:4      | Reached XP level 8. HP: 46/63 MP: 5/8
  6486 | D:4      | Found an ancient bone altar of Kikubaaqudgha.
  6737 | D:4      | Killed Grinder
  6738 | D:4      | Reached skill level 7 in Maces & Flails
  7220 | D:5      | Noticed Menkaure
  7229 | D:5      | Killed Menkaure
  7230 | D:5      | Reached skill level 5 in Armour
  7463 | D:5      | Noticed Duvessa
  7463 | D:5      | Noticed Dowan
  7496 | D:5      | Killed Duvessa
  7505 | D:5      | Killed Dowan
  7655 | D:5      | Reached XP level 9. HP: 71/71 MP: 9/9
  7687 | D:5      | Reached skill level 8 in Maces & Flails
  7797 | D:5      | Found a staircase to the Ecumenical Temple.
  7814 | Temple   | Entered the Ecumenical Temple
  8549 | D:5      | Found a white marble altar of Elyvilon.
  8627 | D:5      | Found an ornate altar of the Wu Jian Council.
  8887 | D:6      | Reached skill level 9 in Maces & Flails
  9189 | D:6      | Noticed a six-headed hydra
 10594 | D:7      | Noticed Prince Ribbit
 10600 | D:6      | Reached XP level 10. HP: 75/79 MP: 10/10
 11044 | D:6      | Killed Prince Ribbit
 11089 | D:7      | Reached skill level 10 in Maces & Flails
 11156 | D:7      | Noticed Joseph
 11199 | D:7      | Bought an ancient arbalest for 304 gold pieces
 11199 | D:7      | Identified the +1 arbalest "Sugofa" {speed, *Corrode Str-5
                  | Int+8 SInv} (You bought it in a shop on level 7 of the
                  | Dungeon)
 11414 | D:7      | Killed Joseph
 12190 | D:8      | Noticed Maurice
 12647 | D:8      | Noticed Erica
 12776 | D:8      | Killed Maurice
 13267 | D:8      | Noticed Grum
 13368 | D:7      | Killed Grum
 13369 | D:7      | Reached skill level 11 in Maces & Flails
 13606 | D:8      | You fall into a shaft and drop 3 floors!
 13606 | D:11     | Found a staircase to the Lair.
 13623 | D:11     | HP: 5/124 [warg (12)]
 13637 | D:11     | Noticed a centaur warrior
 13640 | D:11     | HP: 6/124 [something (3)]
 13645 | D:11     | HP: 6/124 [centaur warrior (1)]
 13647 | D:11     | Noticed a manticore
 13649 | D:11     | HP: 2/124 [something (3)]
 13650 | D:11     | Noticed a two-headed ogre
 13650 | D:11     | Slain by an orc wizard

Illustrated notes

Levels and vault maps discovered:
D:1:      lordsloth_arrival_two_stooges, layout_rooms,
          shapermc_ecumenical_altar_mp_urbaneastern
D:2:      minmay_razor_zed, layout_basic, basic_altar
D:3:      layout_basic, nicolae_overflow_hidden_temple,
          okawaru_altar_gauntlet_db, ebering_ghost_inner_flame
D:4:      cheibrodos_quashed, layout_rooms, lemuel_round_altar,
          mainiacjoe_overflow_catch_the_wave, uniq_grinder
D:5:      layout_loops_cross, nicolae_elyvilon_temple_path, kennysheep_mini,
          minmay_temple_entry_stoned_glass, grunt_tough_drop, uniq_duvessa,
          uniq_menkaure
D:6:      layout_basic, doesnt_shop_hydraphobe
D:7:      layout_basic, hangedman_glass_teeth, uniq_prince_ribbit1, uniq_joseph
D:8:      layout_layer_cave, enter_bailey_2, kennysheep_dice, uniq_grum,
          uniq_maurice, uniq_erica
D:11:     layout_loops_ring, erik_lair_orcish_takeover,
          portal_ice_cave_demonic_guard, chequers_big_river
Temple:   dpeg_three_leaves_temple

Skill      XL: |  1  2  3  4  5  6  7  8  9 10 |
---------------+-------------------------------+-----
Armour         | 1 2 3 4 5 6 8 |  8.3
Maces & Flails | 4 5 6 7 9 11 | 11.2
Fighting       | 4 5 6 7 9 |  9.1
Dodging        | |  2.6
Stealth        | |  2.4

Action                   |  1- 3 |  4- 6 |  7- 9 | 10-12 || total
-------------------------+-------+-------+-------+-------++-------
Melee: Mace              |   100 |    44 |       |       ||   144
       Flail             |       |   145 |   394 |   211 ||   750
Invok: Potion Petition   |       |     1 |       |     1 ||     2
       Call Merchant     |       |       |       |     1 ||     1
 Abil: Dig               |     6 |    12 |    16 |     1 ||    35
       Shaft Self        |       |     1 |       |     1 ||     2
  Use: Potion            |       |     4 |       |     7 ||    11
       Scroll            |       |     1 |     2 |     7 ||    10
 Stab: Sleeping          |     3 |     3 |     1 |       ||     7
Armor: Robe              |    27 |    17 |       |       ||    44
       Leather armour    |       |    34 |    46 |       ||    80
       Chain mail        |       |       |   177 |   151 ||   328
       Skin              |       |       |       |    30 ||    30
Dodge: Dodged            |    69 |   130 |   199 |   103 ||   501
